 Dungeon Crawl Stone Soup version 0.27-a0-1456-gf5a116941d (webtiles) character file.

Game seed: 15663971529435914157

300 freelancePsychic the Caller (level 6, -4/61 HPs)
             Began as a Human Summoner on July 5, 2021.
             Was an Initiate of Gozag.
             Slain by an orc (7 damage)
             ... on level 4 of the Dungeon.
             The game lasted 00:08:36 (5651 turns).

freelancePsychic the Caller (Human Summoner)        Turns: 5651, Time: 00:08:36

Health: -4/61      AC:  2    Str:  8    XL:     6   Next: 64%
Magic:  9/11       EV: 12    Int: 18    God:    Gozag
Gold:   288        SH:  0    Dex: 13    Spells: 8/12 levels left

rFire    + . .     SeeInvis .   b - +5 dagger (drain)
rCold    . . .     Faith    .   (no shield)
rNeg     . . .     Spirit   .   a - +0 robe
rPois    .         Reflect  .   (no helmet)
rElec    .         Harm     .   (no cloak)
rCorr    .         Rampage  .   (no gloves)
Will     .....                  (no boots)
Stlth    ..........             (no amulet)
HPRegen  0.20/turn              d - ring of protection from fire
MPRegen  0.12/turn              e - ring of flight

@: confused, berserking, lethally poisoned (-4 -> -10), gold aura, flying, very
quick
A: no striking features
a: Renounce Religion, Potion Petition, Call Merchant, Bribe Branch


You were on level 4 of the Dungeon.
You worshipped Gozag.
Gozag was aware of your devotion.
You visited 1 branch of the dungeon, and saw 4 of its levels.

You collected 329 gold pieces.
You paid 41 gold pieces to Gozag.

Inventory:

Hand Weapons
 b - a +5 dagger of draining (weapon)
Armour
 a - a +0 robe (worn)
Jewellery
 d - a ring of protection from fire (left hand)
 e - a ring of flight (right hand)
 f - an amulet of guardian spirit
 j - a +6 ring of strength
Scrolls
 c - 3 scrolls of teleportation {@r4}
 g - a scroll of fear
 h - a scroll of enchant armour {unknown}
 i - a scroll of magic mapping
Potions
 l - a potion of mutation {unknown}


   Skills:
 - Level 1.7 Short Blades
 - Level 2.0 Dodging
 - Level 2.0 Stealth
 + Level 3.5 Spellcasting
 + Level 5.6 Summonings
 + Level 2.5 Air Magic


You had 8 spell levels left.
You knew the following spells:

 Your Spells              Type           Power      Damage    Failure   Level
a - Summon Small Mammal   Summ           92%        N/A       1%          1
b - Call Canine Familiar  Summ           23%        N/A       4%          3

Your spell library contained the following spells:

 Spells                   Type           Power      Damage    Failure   Level
 Call Imp                 Summ           23%        N/A       2%          2
 Summon Guardian Golem    Hex/Summ       13%        N/A       14%         3
 Summon Lightning Spire   Summ/Air       17%        N/A       28%         4
 Mephitic Cloud           Conj/Pois/Air  6%         N/A       32%         3
 Ignite Poison            Fire/Tmut/Pois 3%         N/A       43%         3
 Bolt of Magma            Conj/Fire/Erth 1%         4d4       99%         5


Dungeon Overview and Level Annotations

Branches:
Dungeon (4/15)
 Temple: D:4-7

Altars:
Gozag
Kikubaaqudgha
Nemelex Xobeh
Trog

Annotations:
D:4 1 transporter


Message History

Your hound closely misses the orc wizard.
The orc wizard closely misses your hound.
Your hound closely misses the orc wizard.
Your hound bites the orc wizard but does no damage.
The orc wizard barely misses your hound.
The orc hits your hound with a +0 mace.
Your hound closely misses the orc wizard.
The orc hits you with a +0 flail!
The orc wizard gestures wildly while chanting.
The orc wizard flickers and vanishes!
Deactivating autopickup; reactivate with Ctrl-A.
The orc priest calls down the wrath of Beogh upon you.
Beogh smites you! The orc hits your hound with a +0 mace.
Your hound bites the orc but does no damage.
Are you sure you want to stumble around while confused and next to your hound?
Okay, then.
It was a potion of berserk rage.
A red film seems to cover your vision as you go berserk!
You feel yourself moving faster!
You feel mighty! The orc hits you with a +0 flail!
Your hound barely misses the orc.
Something hits your hound.
Your hound dies!
Your hound's corpse disappears in a puff of smoke!
You hear a shout!
You're too confused to move!
You feel a strong urge to attack something.
Something hits you.
* * * LOW HITPOINT WARNING * * *
You are poisoned.
The orc closely misses you. The orc hits you with a +0 mace.
* * * LOW HITPOINT WARNING * * *
You hit something.
Reactivating autopickup.
You feel a bit more experienced.
You feel sick.
You miss the orc.
You feel sick. The orc barely misses you. x2
You barely miss the orc.
You feel sick. The orc hits you with a +0 flail!
* * * LOW HITPOINT WARNING * * *
The orc hits you with a +0 flail!
You die...
Your body crumbles into a pile of gold.

#..... . #.#....( #.....
.# ## #.#..... #.o...#
...# #..... .(.....
.#.##########.....
#.....o##.................
#....o............##.##...
......###o###.###.##.#####
........ooo.....#.##.#
.##.#.###@#...#...##.## #
#........≈.......≈...
#####.#≈≈≈≈≈≈≈≈≈≈.≈≈≈
#...≈≈≈≈≈≈≈≈≈≈≈≈≈
##########≈≈≈≈≈≈≈.≈≈≈≈≈≈
#.......##≈≈≈≈≈≈≈≈≈≈≈≈≈≈
#.#####.##≈≈≈≈#.........
#....##.##≈≈≈####.#.....
####.##.##≈≈## .#..#


You could see an orc priest and 3 orcs.

Vanquished Creatures
  A hound (D:4)
  An orc wizard (D:4)
  7 adders
  A worm (D:2)
  A dart slug (D:2)
  4 orcs (D:3)
  8 endoplasms
  2 giant cockroaches
  3 goblins
  6 hobgoblins
  10 jackals
  3 kobolds
  5 quokkas
  6 ball pythons
  5 bats
  4 frilled lizards
  6 rats
73 creatures vanquished.

Vanquished Creatures (collateral kills)
  An ogre (D:4)
  A bullfrog skeleton (D:3)
  3 adders (D:2)
  A worm (D:2)
  2 goblins
  2 kobolds
  A rat (D:1)
11 creatures vanquished.

Vanquished Creatures (others)
  10 plants
10 creatures vanquished.

Grand Total: 94 creatures vanquished

Notes
Turn   | Place    | Note
-------+----------+-------------------------------------------
     0 | D:1      | freelancePsychic the Human Summoner began the quest for the
                  | Orb.
     0 | D:1      | Reached XP level 1. HP: 13/13 MP: 3/3
   469 | D:1      | Reached XP level 2. HP: 17/19 MP: 5/5
   937 | D:1      | Reached skill level 1 in Short Blades
  1231 | D:1      | Reached XP level 3. HP: 16/24 MP: 6/6
  2399 | D:2      | Learned a level 3 spell: Call Canine Familiar
  2504 | D:2      | Reached XP level 4. HP: 21/30 MP: 3/7
  3309 | D:2      | Reached skill level 5 in Summonings
  3309 | D:2      | Reached XP level 5. HP: 20/35 MP: 7/9
  3447 | D:2      | Found a faded altar of an unknown god.
  3641 | D:2      | Reached skill level 1 in Air Magic
  3958 | D:3      | Found an opulent altar of Gozag.
  3972 | D:3      | Became a worshipper of Gozag Ym Sagoz the Greedy
  4144 | D:3      | Found a bloodstained altar of Trog.
  4174 | D:3      | Found an ancient bone altar of Kikubaaqudgha.
  4819 | D:3      | Reached XP level 6. HP: 36/41 MP: 10/10
  4923 | D:3      | Found a sparkling altar of Nemelex Xobeh.
  5290 | D:4      | Found a transporter.
  5306 | D:4      | Noticed an ogre
  5312 | D:4      | Killed an ogre
  5651 | D:4      | HP: 3/61 [orc (8)]
  5651 | D:4      | Slain by an orc

Illustrated notes

Levels and vault maps discovered:
D:1:      matt_arrival_debris, layout_basic, serial_bayou_crossing
D:2:      layout_basic, ebering_ecumenical_altar_rust, minmay_fractal_squares_5
D:3:      minmay_diamond_boxcup, layout_loops_cross, old_standard_altar,
          lemuel_doored_altar, lemuel_coloured_pillars_altar,
          amcnicky_altar_gilded, serial_bayou_ford_a
D:4:      layout_basic, gammafunk_ghost_smash, serial_co_window_serial,
          co_window_corner_a, co_window_corner_a, co_window_paths_a,
          co_window_corner_a, co_window_corner_a, co_window_corner_b,
          co_window_corner_b, co_window_corner_cb, co_window_cross_2,
          co_window_sun, glass_columns_a, glass_columns_a,
          chequers_serial_rivers_large_a, uniq_ijyb

Skill      XL: |  1  2  3  4  5  6 |
---------------+-------------------+-----
Short Blades   | 1 |  1.7
Summonings     | 5 |  5.6
Air Magic      | 1 2 |  2.5
Spellcasting   | 3 |  3.5
Dodging        | |  2.0
Stealth        | |  2.0

Action                   |  1- 3 |  4- 6 || total
-------------------------+-------+-------++-------
Melee: Dagger            |   105 |   160 ||   265
 Cast: Summon Small Mamm |    15 |     3 ||    18
       Call Canine Famil |       |     7 ||     7
  Use: Scroll            |     1 |     6 ||     7
       Potion            |       |     1 ||     1
 Stab: Sleeping          |     6 |     7 ||    13
       Distracted        |     1 |       ||     1
Armor: Robe              |    20 |    18 ||    38
Dodge: Dodged            |    41 |   104 ||   145

Table legend: (Time is in decaauts)
 A = Elapsed time spent in this place.
 B = Non-inter-level travel time spent in this place.
 C = Inter-level travel time spent in this place.
 D = Time resting spent in this place.
 E = Time spent auto-exploring this place.
 F = Levels seen in this place.
 G = Mean time per level.
                   A        B        C        D        E       F      G
               +--------+--------+--------+--------+--------+-----+--------+
         Total |   5634 |   5545 |     89 |    477 |   4357 |   4 | 1408.5 |
       Dungeon |   5634 |   5545 |     89 |    477 |   4357 |   4 | 1408.5 |
               +--------+--------+--------+--------+--------+-----+--------+

Top non-repeatable levels by time:
     D:2: 2169 daAuts
     D:1: 1617 daAuts
     D:3: 1477 daAuts
     D:4: 370 daAuts
